 Dungeon Crawl Stone Soup version 0.26-a0-812-g31a745ddcd (webtiles) character file.

Game seed: 5890988545693001928

2848 Lanoc the Geomancer (level 9, -1/45 HPs)
             Began as a Gargoyle Earth Elementalist on Dec 1, 2020.
             Was a Believer of Sif Muna.
             Slain by an orc warrior
             ... wielding a +0 hand axe
              (12 damage)
             ... on level 7 of the Dungeon.
             The game lasted 00:09:34 (7563 turns).

Lanoc the Geomancer (Gargoyle Earth Elementalist)   Turns: 7563, Time: 00:09:35

Health: -1/45      AC: 11    Str: 12    XL:     9   Next: 74%
Magic:  2/12       EV: 14    Int: 19    God:    Sif Muna [**....]
Gold:   136        SH:  0    Dex: 10    Spells: 0/12 levels left

rFire    . . .     SeeInvis .   c - +3 quarterstaff (chaos)
rCold    . . .     Faith    .   (shield currently unavailable)
rNeg     + + .     Spirit   .   u - +2 robe {rN+}
rPois    ∞         Reflect  .   d - +1 hat
rElec    +         Harm     .   (no cloak)
rCorr    +         Rampage  .   (no gloves)
MR       .....                  (no boots)
Stlth    ++........             (no amulet)
HPRegen  0.15/turn              (no ring)
MPRegen  0.13/turn              q - ring of resist corrosion

@: no status effects
A: negative energy resistance 1, electricity resistance, unbreathing,
petrification resistance, rot immunity, AC +6
a: Channel Magic, Renounce Religion


You were on level 7 of the Dungeon.
You worshipped Sif Muna.
Sif Muna was pleased with you.
You visited 2 branches of the dungeon, and saw 8 of its levels.
You also visited: Ossuary.

You collected 389 gold pieces.
You spent 253 gold pieces at shops.

Inventory:

Hand Weapons
 c - a +3 quarterstaff of chaos (weapon)
Missiles
 b - 29 stones (quivered)
Armour
 d - a +1 hat (worn)
 u - a +2 robe of positive energy (worn)
Jewellery
 q - a ring of resist corrosion (right hand)
Wands
 v - a wand of iceblast (10)
Scrolls
 i - 4 scrolls of identify
 k - a scroll of magic mapping {unknown}
 l - 4 scrolls of teleportation {unknown}
 p - 3 scrolls of enchant armour {unknown}
 t - a scroll of random uselessness {unknown}
 x - a scroll of blinking {unknown}
 y - a scroll of remove curse
Potions
 a - a potion of magic {unknown}
 e - a potion of resistance {unknown}
 g - 3 potions of mutation {unknown}
 h - a potion of might {unknown}
 j - 4 potions of lignification
 m - 4 potions of curing
 n - 4 potions of heal wounds {unknown}
 o - 4 potions of haste
 r - a potion of attraction {unknown}
 s - a potion of brilliance {unknown}
 w - a potion of cancellation {unknown}


   Skills:
 + Level 6.3 Dodging
 - Level 2.1 Stealth
 - Level 2.0 Spellcasting
 - Level 0.7 Transmutations
 * Level 12.6 Earth Magic
 + Level 2.7 Invocations


You couldn't memorise any spells.
You knew the following spells:

 Your Spells              Type           Power        Failure   Level
a - Sandblast             Erth           #####.       1%          1
b - Passwall              Tmut/Erth      ####....     1%          2
c - Lee's Rapid Deconstr  Erth           #####.....   2%          5
d - Petrify               Tmut/Erth      ####....     11%         4

Your spell library contained the following spells:

 Spells                   Type           Power        Failure   Level
 Stone Arrow              Conj/Erth      ####..       3%          3
 Leda's Liquefaction      Hex/Erth       ####......   13%         4
 Corona                   Hex            #......      17%         1
 Magic Dart               Conj           #...         17%         1
 Searing Ray              Conj           #.....       26%         2
 Slow                     Hex            #.......     26%         2
 Dazzling Flash           Conj/Hex       #.....       45%         3
 Inner Flame              Hex/Fire       #.......     45%         3
 Portal Projectile        Hex/Tloc       #.....       45%         3
 Cause Fear               Hex            #.........   86%         4
 Fulminant Prism          Conj/Hex       #.........   86%         4
 Iskenderun's Mystic Bla  Conj/Tloc      #.......     86%         4


Dungeon Overview and Level Annotations

Branches:
Dungeon (7/15)             Temple (1/1) D:5         Ossuary (visited)

Altars:
Ashenzari
Qazlal
Sif Muna
Wu Jian

Shops:
D:6 !


Innate Abilities, Weirdness & Mutations

You are resistant to torment.
Your stone body is resilient. (AC +6)
You are immune to poison.
You resist negative energy. (rN+)
You are resistant to electric shocks. (rElec)
You can survive without breathing.
You are immune to petrification.
You are immune to rotting.


Message History

Aiming: Sandblast (safe; 1% risk of failure)
Press: ? - help, Shift-Dir - straight line, f - orc warrior
Aim: an orc warrior, wielding a +0 hand axe and wearing a +0 chain mail The blast of sand misses the orc warrior.
b - 30 stones The adder hisses angrily.
Casting: Sandblast (safe; 1% risk of failure)
Confirm with . or Enter, or press ? or * to list all spells.
Aiming: Sandblast (safe; 1% risk of failure)
Press: ? - help, Shift-Dir - straight line, f/p - orc warrior
Aim: an orc warrior, wielding a +0 hand axe and wearing a +0 chain mail The blast of sand hits the orc warrior.
The orc warrior is lightly wounded.
b - 29 stones The orc warrior barely misses you.
An orc comes into view.
The orc shouts!
A centaur comes into view.
It is wielding a +0 war axe and wearing a +2 robe of magic resistance.
The orc warrior hits you with a +0 hand axe!
You die...

...# . ...#.......... #.
#####..#.......... #.#
#..(...#.......... ...
+......'..........
#.##......#..........
.#.#.........#..........
..........o.............
.......@oS..............
........##c..)...#).....
.#.#######.≈≈≈)..#.))...
...........≈...##.....
..#####.≈..≈...##.....
#...# ##.......##.....
.# #...####..#.###.....
#..# #......##......#+#
#..###..†.##.####.#.#


You could see an orc warrior, a centaur, an adder and an orc.

Vanquished Creatures
  Grinder (D:5)
  Eustachio (D:5)
  Edmund (D:5)
  Duvessa (D:5)
  An ice beast (D:5)
  A hornet zombie (D:7)
  A necrophage (D:3)
  3 ogres
  A phantom (D:7)
  A bullfrog (D:7)
  2 elf zombies (Ossuary)
  A water moccasin zombie (D:7)
  Dowan (D:5)
  2 scorpions
  A water moccasin skeleton (D:6)
  5 wights (D:7)
  A howler monkey (D:7)
  A centaur zombie (D:6)
  2 hounds
  A quasit (D:7)
  A bullfrog zombie (D:5)
  2 bullfrog skeletons
  2 human zombies (Ossuary)
  Crazy Yiuf (D:5)
  3 orc priests
  6 orc wizards
  A centaur skeleton (D:7)
  4 worker ants
  2 big kobold zombies (Ossuary)
  2 mummies (Ossuary)
  11 adders
  A shadow imp (D:7)
  3 white imps
  An ufetubus (D:7)
  An adder zombie (Ossuary)
  2 worms
  2 dart slugs (D:3)
  2 leopard geckos
  15 orcs
  A bat (D:3)
  6 giant cockroaches
  A goblin (D:3)
  4 hobgoblins
  9 jackals
  2 kobolds (D:3)
  6 quokkas
  A ball python (D:3)
  2 frilled lizards (D:4)
  5 hobgoblin zombies (Ossuary)
  3 jackal zombies (Ossuary)
  13 kobold zombies (Ossuary)
  3 leopard gecko skeletons
  8 orc zombies (Ossuary)
  A quokka zombie (D:4)
  A rat (D:2)
  2 rat zombies
159 creatures vanquished.

Vanquished Creatures (others)
  A leopard gecko skeleton (D:4)
1 creature vanquished.

Grand Total: 160 creatures vanquished

Notes
Turn   | Place    | Note
-------+----------+-------------------------------------------
     0 | D:1      | Lanoc the Gargoyle Earth Elementalist began the quest for
                  | the Orb.
     0 | D:1      | Reached XP level 1. HP: 10/10 MP: 3/3
   473 | D:2      | Reached skill level 4 in Earth Magic
   473 | D:2      | Reached XP level 2. HP: 13/15 MP: 0/5
   725 | D:3      | Reached XP level 3. HP: 8/19 MP: 3/6
   755 | D:3      | Reached skill level 5 in Earth Magic
   946 | D:3      | Reached XP level 4. HP: 21/24 MP: 2/7
  1466 | D:3      | Reached XP level 5. HP: 23/28 MP: 6/8
  1979 | D:3      | Reached skill level 6 in Earth Magic
  2082 | D:3      | Learned a level 2 spell: Passwall
  2088 | D:3      | Learned a level 5 spell: Lee's Rapid Deconstruction
  2351 | D:3      | Noticed a necrophage
  2357 | D:3      | Killed a necrophage
  2357 | D:3      | Reached XP level 6. HP: 32/32 MP: 9/9
  2703 | D:4      | Found a sand-covered staircase.
  2718 | Ossuary  | Entered an ossuary
  3078 | Ossuary  | Reached skill level 7 in Earth Magic
  3382 | Ossuary  | Reached skill level 8 in Earth Magic
  3382 | Ossuary  | Reached XP level 7. HP: 8/36 MP: 10/10
  4207 | D:4      | Found a shimmering blue altar of Sif Muna.
  4207 | D:4      | Found an ornate altar of the Wu Jian Council.
  4211 | D:4      | Became a worshipper of Sif Muna the Loreminder
  4296 | D:4      | Found a stormy altar of Qazlal.
  4309 | D:4      | Found a broken altar of Ashenzari.
  4847 | D:5      | Entered Level 5 of the Dungeon
  4895 | D:5      | Found a staircase to the Ecumenical Temple.
  4937 | Temple   | Entered the Ecumenical Temple
  5097 | D:5      | Noticed Edmund
  5105 | D:5      | Killed Edmund
  5105 | D:5      | Reached skill level 9 in Earth Magic
  5107 | D:5      | Reached XP level 8. HP: 38/41 MP: 4/11
  5170 | D:5      | Noticed Grinder
  5171 | D:5      | Paralysed by Grinder for 7 turns
  5183 | D:5      | Killed Grinder
  5187 | D:5      | Noticed Eustachio
  5216 | D:5      | Killed Eustachio
  5216 | D:5      | Reached skill level 10 in Earth Magic
  5272 | D:5      | Reached skill level 5 in Dodging
  5690 | D:5      | Noticed Dowan
  5691 | D:5      | Noticed Duvessa
  5706 | D:5      | Killed Duvessa
  5706 | D:5      | Reached skill level 11 in Earth Magic
  5710 | D:5      | Killed Dowan
  5814 | D:5      | Reached XP level 9. HP: 45/45 MP: 9/12
  5843 | D:5      | Learned a level 4 spell: Petrify
  5960 | D:5      | Found a runed translucent door.
  5961 | D:5      | Noticed Crazy Yiuf
  6087 | D:5      | Reached * piety under Sif Muna
  6280 | D:5      | Killed Crazy Yiuf
  6702 | D:6      | Found Rel Darch's Distillery.
  6710 | D:6      | Bought 2 potions of haste for 220 gold pieces
  6710 | D:6      | Bought a potion of curing for 33 gold pieces
  7308 | D:7      | Reached skill level 12 in Earth Magic
  7405 | D:7      | Reached skill level 1 in Invocations
  7525 | D:7      | Reached ** piety under Sif Muna
  7563 | D:7      | Slain by an orc warrior

Illustrated notes

Levels and vault maps discovered:
D:1:      dpeg_arrival_round_c, layout_loops_corners, minmay_misc_feat_encased,
          patterned_corridor
D:2:      layout_loops_ring, elyvilon_altar_1
D:3:      minmay_general_purpose_star, layout_basic
D:4:      layout_loops_corners, ashenzari_conservatory_becter,
          grunt_qazlal_clouds, gammafunk_temple_overflow_wave, enter_ossuary_4
D:5:      layout_loops_ring, minmay_temple_entry_wispy,
          hangedman_decor_riveting, grunt_ministairs_10,
          kennysheep_generic_room_6, uniq_edmund, uniq_grinder,
          uniq_crazy_yiuf_cottage, uniq_duvessa, uniq_eustachio
D:6:      layout_cave_pods, serial_shops, shop_statue
D:7:      minmay_the_grid_triangle_9x9_recursive_2
          [minmay_the_grid_triangle_9x9_prize_center,
          minmay_the_grid_triangle_9x9_steps,
          minmay_the_grid_triangle_9x9_shrine,
          minmay_the_grid_triangle_9x9_thin_v], layout_basic, serial_rivers,
          chequers_serial_rivers_micro_a, chequers_serial_rivers_micro_c,
          chequers_serial_rivers_room_b, chequers_serial_rivers_micro_b,
          chequers_serial_rivers_micro_c, chequers_serial_rivers_micro_e
Temple:   regret_index_temple_generic_petals

Skill      XL: |  1  2  3  4  5  6  7  8  9 |
---------------+----------------------------+-----
Earth Magic    | 4 5 6 8 9 11 12 | 12.6
Dodging        | 2 3 4 5 6 |  6.3
Invocations    | 2 |  2.7
Stealth        | |  2.1
Spellcasting   | |  2.0
Transmutations | |  0.7

Action                   |  1- 3 |  4- 6 |  7- 9 || total
-------------------------+-------+-------+-------++-------
Melee: Unarmed           |    47 |   135 |       ||   182
       Whip              |       |   217 |   102 ||   319
       Quarterstaff      |       |       |    55 ||    55
 Cast: Sandblast         |    15 |    20 |   111 ||   146
  Use: Scroll            |       |     4 |     1 ||     5
 Stab: Sleeping          |     2 |     6 |     2 ||    10
Armor: Robe              |    21 |   113 |    60 ||   194
Dodge: Dodged            |    29 |   217 |   133 ||   379

Table legend: (Time is in decaauts)
 A = Elapsed time spent in this place.
 B = Non-inter-level travel time spent in this place.
 C = Inter-level travel time spent in this place.
 D = Time resting spent in this place.
 E = Time spent auto-exploring this place.
 F = Levels seen in this place.
 G = Mean time per level.
                   A        B        C        D        E       F      G
               +--------+--------+--------+--------+--------+-----+--------+
         Total |   7606 |   7492 |    114 |    187 |   5831 |   9 |  845.1 |
       Dungeon |   6412 |   6298 |    114 |    187 |   4922 |   7 |  916.0 |
        Temple |      1 |      1 |      0 |      0 |      0 |   1 |    1.0 |
       Ossuary |   1191 |   1191 |      0 |      0 |    909 |   1 | 1191.0 |
               +--------+--------+--------+--------+--------+-----+--------+

Top non-repeatable levels by time:
     D:3: 1758 daAuts
     D:5: 1475 daAuts
     D:4: 1212 daAuts
 Ossuary: 1191 daAuts
     D:6: 870 daAuts
     D:1: 468 daAuts
     D:7: 384 daAuts
     D:2: 244 daAuts
  Temple: 1 daAuts
